 Dungeon Crawl Stone Soup version 0.23-a0-644-gb60d84b (webtiles) character file.

4152 Borgoz the Grappler (level 10, -5/87 (88) HPs)
             Began as a Ghoul Gladiator on Jan 1, 2019.
             Was a Priest of Okawaru.
             Slain by a death yak (20 damage)
             ... on level 9 of the Dungeon.
             The game lasted 00:15:41 (7264 turns).

Borgoz the Grappler (Ghoul Gladiator)               Turns: 7264, Time: 00:15:42

HP:   -5/87 (88)    AC:  7    Str: 24      XL:     10   Next: 28%
MP:   11/11         EV: 14    Int:  3      God:    Okawaru [***...]
Gold: 338           SH:  0    Dex: 10 (15) Spells: 9/9 levels left

rFire    . . .     SeeInvis .     - Unarmed
rCold    + . .     Gourm    .   (no shield)
rNeg     + + +     Faith    .   l - +0 ring mail
rPois    ∞         Spirit   .   b - +0 helmet
rElec    .         Reflect  .   (no cloak)
rCorr    .         Harm     .   (no gloves)
MR       .....                  (no boots)
Stlth    ..........             (no amulet)
HPRegen  0.00/turn              x - +2 ring of dexterity
MPRegen  0.12/turn              j - +5 ring of strength

@: rotting
A: rotting body, claws 1, carnivore, cold resistance 1, negative energy
resistance 3, inhibited regeneration, torment resistance, unbreathing
a: Heroism, Renounce Religion


You were on level 9 of the Dungeon.
You worshipped Okawaru.
Okawaru was most pleased with you.
You were not hungry.

You visited 2 branches of the dungeon, and saw 10 of its levels.
You also visited: Ossuary.

You collected 338 gold pieces.

Inventory:

Hand Weapons
 w - a cursed +5 flail of freezing
Missiles
 c - 5 throwing nets (quivered)
Armour
 b - a +0 helmet (worn)
 l - a +0 ring mail (worn)
Jewellery
 e - an uncursed ring of ice
 j - a +5 ring of strength (right claw)
 n - an uncursed ring of teleportation
 x - a +2 ring of dexterity (left claw)
Wands
 h - a wand of iceblast (11)
 k - a wand of polymorph (9)
 m - a wand of paralysis (6)
 o - a wand of enslavement (7)
 s - a wand of digging (11)
Scrolls
 a - 2 scrolls of torment
 f - 3 scrolls of teleportation
 g - 4 scrolls of amnesia
 i - a scroll of fog {unknown}
 r - 4 scrolls of remove curse
 t - a scroll of enchant armour {unknown}
Potions
 p - 2 potions of curing
 q - a potion of ambrosia {unknown}
 u - a potion of agility {unknown}
 z - a potion of mutation
Comestibles
 d - 12 rations


   Skills:
 + Level 8.1 Fighting
 - Level 1.7 Throwing
 + Level 6.4 Armour
 + Level 7.2 Dodging
 + Level 8.5 Unarmed Combat
 + Level 2.8 Invocations


You had 9 spell levels left.
You didn't know any spells.
Your spell library contained the following spells:

 Spells                   Type           Power        Failure   Level  Hunger
 Freeze                   Ice            #...         65%         1    ##.....
 Throw Frost              Conj/Ice       #.....       80%         2    ###....
 Ozocubu's Armour         Chrm/Ice       #.......     95%         3    ####...
 Summon Ice Beast         Ice/Summ       #.......     100%        4    #####..
 Throw Icicle             Conj/Ice       #.......     100%        4    #####..


Dungeon Overview and Level Annotations

Branches:
Dungeon (9/15)             Temple (1/1) D:7
   Lair: D:8-11         Orc: D:9-12

Altars:
Ashenzari
Cheibriados
Dithmenos
Elyvilon
Gozag
Hepliaklqana
Kikubaaqudgha
Makhleb
Nemelex Xobeh
Okawaru
Qazlal
Ru
Sif Muna
Trog
Uskayaw
Wu Jian
Xom
Yredelemnul
Zin

Shops:
D:4 *   D:6 *   D:7 (

Annotations:
D:8 1 runed door, Duffy's ghost, novice NaFE


Innate Abilities, Weirdness & Mutations

Your body is rotting away.
You thrive on raw meat.
You are immune to poison.
You have sharp fingernails.
You are carnivorous and can eat meat at any time.
Your flesh is cold resistant. (rC+)
You are immune to negative energy. (rN+++)
You do not regenerate when monsters are visible.
You are immune to unholy pain and torment.
You can survive without breathing.


Message History

There is a stone staircase leading down here.
You climb downwards.
A hell rat and a death yak come into view.
The hell rat roars deafeningly!
The death yak bellows!
You hear a deafening roar!
You hear a horrible gurgling sound!
The hound barely misses you. x2; The death yak gores you!!
The death yak gores you!
A hell rat comes into view.
The hound barely misses you.
A rat comes into view.
The death yak gores you!!
* * * LOW HITPOINT WARNING * * *
The death yak completely misses you.
There is a stone staircase leading up here.
The centaur unwields a +0 shortbow.
The centaur closely misses you. The hippogriff barely misses you.
The hippogriff pecks you but does no damage.
The hippogriff barely misses you. The hound barely misses you.
The centaur closely misses you. The death yak gores you!!
You die...

.. #. .# #....
. .. .. ....##.
..#.##. ......
.....#. .....
.......#)..##
.r..r..(....##
......Y......#
.r....H@.....#
......hYc.....#
...............
...Y..........(
.........?....[
.#.#..#.......#
#######....###
....#


You could see 3 death yaks, a hippogriff, a centaur, 2 hell rats, a hound and a
rat.

Vanquished Creatures
  The ghost of RexLacerta the Slinger, a novice HaHu of Cheibriados (D:7)
  A hippogriff (D:7)
  Sigmund (D:2)
  A wyvern (D:8)
  A hungry ghost (D:8)
  Edmund (D:5)
  2 orc warriors (D:8)
  An ice beast (D:8)
  A phantom (D:8)
  A centaur (D:8)
  6 ogres
  A necrophage (D:8)
  A big kobold (D:8)
  An elf zombie (Ossuary)
  Blork the orc (D:5)
  A bullfrog (D:8)
  A scorpion (D:6)
  3 killer bees (D:8)
  5 wights (D:8)
  2 crimson imps
  4 human zombies (Ossuary)
  5 quasits
  2 bullfrog skeletons
  2 orc priests
  3 hounds
  2 jellies
  3 orc wizards
  Jessica (D:3)
  7 worker ants
  A big kobold zombie (Ossuary)
  2 mummies (Ossuary)
  A hound skeleton (D:5)
  4 gnolls (D:7)
  6 adders
  A howler monkey skeleton (D:7)
  3 shadow imps
  3 adder zombies
  2 adder skeletons (D:4)
  4 worms
  A dart slug (D:2)
  11 leopard geckos
  21 orcs
  3 giant cockroaches
  3 goblins
  12 hobgoblins
  14 jackals
  5 quokkas
  A ball python (D:2)
  9 bats
  2 frilled lizards
  2 goblin zombies
  8 hobgoblin zombies (Ossuary)
  2 jackal zombies (Ossuary)
  7 kobolds
  10 kobold zombies (Ossuary)
  A leopard gecko skeleton (D:6)
  6 orc zombies (Ossuary)
  A quokka zombie (D:6)
  7 rats
  A rat zombie (Ossuary)
216 creatures vanquished.

Vanquished Creatures (others)
  A quokka (D:5)
1 creature vanquished.

Grand Total: 217 creatures vanquished

Notes
Turn   | Place    | Note
-------+----------+-------------------------------------------
     0 | D:1      | Borgoz the Ghoul Gladiator began the quest for the Orb.
     0 | D:1      | Reached XP level 1. HP: 17/17 MP: 0/0
   107 | D:1      | Reached XP level 2. HP: 25/25 MP: 1/1
   366 | D:1      | Reached XP level 3. HP: 29/30 MP: 2/2
   524 | D:1      | Reached skill level 1 in Armour
   984 | D:2      | Reached XP level 4. HP: 14/37 MP: 3/3
  1080 | D:2      | Noticed Sigmund
  1095 | D:2      | Killed Sigmund
  1095 | D:2      | Reached XP level 5. HP: 35/46 MP: 4/4
  1396 | D:3      | Reached XP level 6. HP: 50/52 MP: 5/5
  1444 | D:3      | Found an opulent altar of Gozag.
  1608 | D:3      | You fall through a shaft!
  1683 | D:4      | Found Refregin's Assorted Antiques.
  2068 | D:3      | Noticed Jessica
  2072 | D:3      | Killed Jessica
  2072 | D:3      | Reached skill level 5 in Unarmed Combat
  2739 | D:5      | Entered Level 5 of the Dungeon
  2755 | D:5      | Noticed Edmund
  2758 | D:5      | Found a white marble altar of Elyvilon.
  2767 | D:5      | Killed Edmund
  2767 | D:5      | Reached XP level 7. HP: 34/59 MP: 6/6
  2842 | D:5      | Noticed Blork the orc
  2860 | D:5      | HP: 2/60 [Blork the orc/+0 trident (3)]
  2862 | D:5      | Killed Blork the orc
  3219 | D:5      | Found a shadowy altar of Dithmenos.
  3460 | D:6      | Reached skill level 5 in Fighting
  3544 | D:6      | Found a sand-covered staircase.
  3554 | Ossuary  | Entered an ossuary
  3701 | Ossuary  | Reached XP level 8. HP: 35/66 MP: 7/7
  3743 | Ossuary  | Reached skill level 5 in Dodging
  3908 | D:6      | Found Daptogey's General Store.
  4580 | D:7      | Found a stormy altar of Qazlal.
  4595 | D:7      | Found a basalt altar of Yredelemnul.
  4776 | D:7      | Noticed a hippogriff
  4793 | D:7      | Killed a hippogriff
  4977 | D:7      | Found a transporter.
  4979 | D:7      | Noticed RexLacerta's ghost (novice HaHu)
  4993 | D:7      | Found a transporter.
  4995 | D:7      | Found Luguowuu's Antique Weapon Boutique.
  5047 | D:7      | Found a staircase to the Ecumenical Temple.
  5059 | Temple   | Entered the Ecumenical Temple
  5322 | Temple   | Became a worshipper of Warmaster Okawaru
  5665 | D:8      | Reached XP level 9. HP: 77/77 MP: 8/8
  5758 | D:8      | Reached skill level 5 in Armour
  5967 | D:8      | Reached * piety under Okawaru
  6106 | D:8      | Reached ** piety under Okawaru
  6496 | D:8      | Found a runed door.
  6502 | D:8      | Noticed Duffy's ghost (novice NaFE)
  6672 | D:8      | Reached skill level 1 in Invocations
  6786 | D:8      | Found a burning altar of Makhleb.
  6786 | D:8      | Found a shimmering altar of Xom.
  6863 | D:8      | Reached XP level 10. HP: 66/87 MP: 8/10
  7012 | D:9      | Noticed a purple ugly thing
  7120 | D:9      | Noticed a death yak
  7120 | D:9      | Noticed a death yak
  7185 | D:7      | Killed RexLacerta's ghost
  7185 | D:7      | Reached *** piety under Okawaru
  7185 | D:7      | Received a gift from Okawaru
  7263 | D:9      | Noticed a death yak
  7264 | D:9      | Slain by a death yak

Vault maps used:
D:1:      eino_arrival_cavern_a, minmay_misc_feat_tiny
D:2:      minmay_statues_item, uniq_sigmund
D:3:      marbit_many_paths, minivault_25, uniq_jessica
D:4:      serial_shops, nicolae_shop_statue_plus, first_ration
D:5:      elyvilon_altar_4, nicolae_dithmenos_the_darkroom, uniq_edmund,
          uniq_blork_the_orc
D:6:      serial_shops, nicolae_shop_trees, enter_ossuary_4, nrook_uturn
D:7:      nicolae_overflow_crystal_walls, minmay_temple_entry_wispy,
          serial_shops, shop_fountains, gammafunk_ghost_stat_death, basic_altar
D:8:      grunt_temple_overflow_champion_of_chaos, gammafunk_ghost_grave
D:9:      grunt_temple_overflow_forces_of_nature,
          chequers_temple_overflow_statue_of_worship, dpeg_lair_monsters,
          grunt_livestock, tgw_fedhas
Temple:   oiseaux_autumnal_temple
Ossuary:  ossuary_tomb_1

Skill      XL: |  1  2  3  4  5  6  7  8  9 10 |
---------------+-------------------------------+-----
Dodging        | 3 4 5 6 7 |  7.2
Armour         | 1 2 3 4 6 |  6.4
Fighting       | 3 4 5 6 7 8 |  8.1
Unarmed Combat | 4 5 6 8 |  8.5
Invocations    | 1 2 |  2.8
Throwing       | |  1.7

Action                   |  1- 3 |  4- 6 |  7- 9 | 10-12 || total
-------------------------+-------+-------+-------+-------++-------
Melee: Unarmed           |   126 |   184 |   462 |    53 ||   825
       Punch             |     2 |     7 |    15 |     1 ||    25
Invok: Heroism           |       |       |       |     1 ||     1
  Use: Potion            |       |     2 |     7 |     1 ||    10
       Scroll            |       |       |    14 |       ||    14
  Eat: Chunk             |    15 |    20 |    36 |     4 ||    75
Armor: Leather armour    |    43 |    45 |     2 |       ||    90
       Ring mail         |       |       |   104 |    43 ||   147
Dodge: Dodged            |    92 |   124 |   292 |   139 ||   647

Table legend:
 A = Non-vault XP
 B = Vault XP
 C = Vault XP percentage of total XP
 D = Non-vault monster count
 E = Vault monster count
 F = Vault count percentage of total count
                 A         B        C        D         E       F
            +---------+---------+-------+---------+---------+-------
      Total |    4141 |    1791 |  30.2 |     165 |      51 |  23.6
            +---------+---------+-------+---------+---------+-------
        D:1 |      37 |       0 |   0.0 |      21 |       0 |   0.0
        D:2 |      65 |     212 |  76.5 |      24 |       1 |   4.0
        D:3 |      30 |      39 |  56.5 |      15 |       2 |  11.8
        D:4 |     222 |       0 |   0.0 |      22 |       0 |   0.0
        D:5 |      72 |     208 |  74.3 |       8 |       2 |  20.0
        D:6 |     401 |       2 |   0.5 |      11 |       2 |  15.4
        D:7 |     660 |     914 |  58.1 |      16 |       5 |  23.8
        D:8 |    2654 |      50 |   1.8 |      48 |       1 |   2.0
    Ossuary |       0 |     366 | 100.0 |       0 |      38 | 100.0
            +---------+---------+-------+---------+---------+-------
